 Dungeon Crawl Stone Soup version 0.31-a0-198-g2ad674f65e (webtiles) character file.

Game seed: 5038848833121716562

163 qw the Skirmisher (level 5, -2/29 HPs)
             Began as a Deep Elf Hunter on June 25, 2023.
             Slain by an iguana (9 damage)
             ... on level 4 of the Dungeon.
             The game lasted 00:00:55 (2140 turns).

qw the Skirmisher (Deep Elf Hunter)                 Turns: 2140, Time: 00:00:56

Health: -2/29      AC:  6    Str: 10    XL:     5   Next: 20%
Magic:  7/7        EV: 11    Int: 14    God:
Gold:   98         SH:  0    Dex: 18    Spells: 4/4 levels left

rFire   . . .        Y - +0 shortbow
rCold   . . .        (shield currently unavailable)
rNeg    . . .        e - +0 ring mail
rPois   .            (no helmet)
rElec   .            (no cloak)
rCorr   .            (no gloves)
SInv    .            a - +0 pair of boots
Will    .....        (no amulet)
Stlth   +            (no ring)
HPRegen 0.24/turn    (no ring)
MPRegen 0.10/turn

%: no passive effects
@: no status effects
A: no striking features
a: no special abilities


You were on level 4 of the Dungeon.
You visited 2 branches of the dungeon, and saw 5 of its levels.

You collected 98 gold pieces.


   Skills:
 - Level 1.5 Fighting
 + Level 8.6 Ranged Weapons
 - Level 2.4 Dodging
 - Level 1.2 Stealth


You had 4 spell levels left.
You didn't know any spells.
Your spell library was empty.

Inventory:

Hand Weapons
 Y - a +0 shortbow (weapon)
Armour
 a - a +0 pair of boots (worn)
 e - a +0 ring mail (worn)
Scrolls
 g - a scroll of teleportation
 m - a scroll of identify
Potions
 b - a potion of curing
 d - 2 potions of heal wounds
 h - a potion of brilliance {unknown}
 i - a potion of lignification {unknown}
 j - a potion of might

Dungeon Overview and Level Annotations

Branches:
Dungeon (4/15)             Temple (1/1) D:4

Altars:
Ashenzari
Cheibriados
Elyvilon
Fedhas
Gozag
Hepliaklqana
Kikubaaqudgha
Makhleb
Nemelex Xobeh
Qazlal
Ru
Sif Muna
Trog
Vehumet
Wu Jian
Xom
Yredelemnul
Zin
The Shining One


Message History

Enter note: A ball python and an iguana come into view.
Enter note: You shoot an arrow.
The ball python hisses angrily.
The arrow hits the ball python!
You kill the ball python!
You shoot an arrow. The arrow closely misses the iguana.
The iguana hisses angrily.
You shoot an arrow. The arrow barely misses the iguana.
You shoot an arrow. The arrow hits the iguana.
The iguana is lightly wounded.
You shoot an arrow. The arrow hits the iguana!
The iguana is heavily wounded.
You shoot an arrow. The arrow closely misses the iguana.
The iguana closely misses you.
You shoot an arrow. The arrow hits the iguana.
The iguana is almost dead.
The iguana bites you but does no damage.
You shoot an arrow. The arrow closely misses the iguana.
The iguana closely misses you.
You shoot an arrow.
The arrow hits the iguana but does no damage.
The iguana is almost dead.
The iguana misses you.
You shoot an arrow. The arrow barely misses the iguana.
The iguana bites you!
You shoot an arrow.
The arrow hits the iguana but does no damage.
The iguana is almost dead.
The iguana bites you.
You shoot an arrow. The arrow closely misses the iguana.
The iguana closely misses you.
You shoot an arrow.
The arrow hits the iguana but does no damage.
The iguana is almost dead.
The iguana bites you.
You shoot an arrow. The arrow barely misses the iguana.
The iguana bites you! x2
You die...

##.....#..........#
..................#
..%...#...........#
......##...########
......####.....###
......# #####...#
#....?.. ###.#
+.......# #.#
#.......# #@#
#.l.....# ##.>..###
....... .....%.
....... ...#...
...+...


You could see an iguana.

Vanquished Creatures
  An iguana (D:4)
  An orc wizard (D:3)
  5 adders
  A worm (D:2)
  A dart slug (D:2)
  3 orcs (D:3)
  4 ball pythons
  5 endoplasms
  2 giant cockroaches
  9 goblins
  8 hobgoblins
  2 quokkas (D:2)
  3 bats
  A frilled lizard (D:3)
  8 kobolds
  6 rats
60 creatures vanquished.

Notes
Turn   | Place    | Note
-------+----------+-------------------------------------------
     0 | D:1      | qw the Deep Elf Hunter began the quest for the Orb.
     0 | D:1      | Reached XP level 1. HP: 12/12 MP: 3/3
     0 | D:1      | 0 ||| qw: Version: 0.3-a-22-g0ed2b0b
     0 | D:1      | 0 ||| qw: Game counter: 5216
     0 | D:1      | 0 ||| qw: Melee chars always use a shield: true
     0 | D:1      | 0 ||| qw: God list: Okawaru
     0 | D:1      | 0 ||| qw: Allow faded altars: false
     0 | D:1      | 0 ||| qw: Do Orc after clearing Dungeon:15 true
     0 | D:1      | 0 ||| qw: Do second Lair branch before Depths: true
     0 | D:1      | 0 ||| qw: Lair rune preference: random
     0 | D:1      | 0 ||| qw: Goals: Normal
     0 | D:1      | 0 ||| PLANNING D:1-11
   175 | D:1      | Reached skill level 6 in Ranged Weapons
   175 | D:1      | Reached XP level 2. HP: 16/16 MP: 4/4
   636 | D:1      | 636 ||| READING scroll labelled JUPNISTOHU.
   637 | D:1      | 637 ||| READING scroll labelled IPEER IFEBA SAOS.
   638 | D:1      | 638 ||| READING scroll labelled FOAFIU ZAOH VADIB.
   639 | D:1      | 639 ||| DROPPING scroll of butterflies.
   721 | D:2      | Reached XP level 3. HP: 20/20 MP: 5/5
   933 | D:2      | Reached skill level 7 in Ranged Weapons
   988 | D:2      | 988 ||| UPGRADING to +0 ring mail.
   998 | D:2      | 998 ||| DROPPING +0 leather armour.
   999 | D:2      | 999 ||| READING scroll labelled IRE QI QIPROA.
  1000 | D:2      | 1000 ||| READING 2 scrolls labelled ALLOTE WO ANNOPTU.
  1003 | D:2      | 1003 ||| READING scroll labelled AGGAFO PETUONNIG.
  1104 | D:2      | 1104 ||| READING scroll labelled PIC OTAFFIO.
  1105 | D:2      | 1105 ||| DRINKING 2 lumpy pink potions.
  1106 | D:2      | 1106 ||| DRINKING 2 lumpy ruby potions.
  1313 | D:3      | Reached XP level 4. HP: 25/25 MP: 6/6
  1439 | D:3      | Reached skill level 8 in Ranged Weapons
  1691 | D:3      | 1691 ||| UPGRADING to +0 pair of boots.
  1696 | D:3      | 1696 ||| DRINKING 3 ruby potions.
  1778 | D:4      | Found a staircase to the Ecumenical Temple.
  1779 | D:4      | 1779 ||| PLANNING TEMPLE
  1847 | D:4      | Reached XP level 5. HP: 21/29 MP: 7/7
  1921 | D:4      | 1921 ||| DROPPING amulet of magic regeneration.
  1922 | D:4      | 1922 ||| READING scroll labelled WIMOAT ZOVE.
  1923 | D:4      | 1923 ||| READING 2 scrolls of identify.
  1923 | D:4      | 1923 ||| IDENTIFYING metallic ruby potion
  1924 | D:4      | 1924 ||| DROPPING potion of degeneration.
  1955 | Temple   | Entered the Ecumenical Temple
  2093 | Temple   | 2093 ||| PLANNING D:1-11
  2140 | D:4      | HP: 7/29 [iguana (10)]
  2140 | D:4      | Slain by an iguana

Levels and vault maps discovered:
D:1:      co_arrival_square_in_a_square_in_a_square, layout_basic
D:2:      layout_rooms, serial_glass, glass_columns_c, glass_columns_a,
          glass_columns_b, glass_columns_b, glass_columns_a
D:3:      layout_basic
D:4:      layout_basic, temple_pool_b, minivault_1, hangedman_decor_points
Temple:   nicolae_temple_bog_church

Skill      XL: |  1  2  3  4 |
---------------+-------------+-----
Ranged Weapons | 6 7 8 |  8.6
Fighting       | |  1.5
Dodging        | |  2.4
Stealth        | |  1.2

Action                     |  1- 3 |  4- 6 || total
---------------------------+-------+-------++-------
   Fire: Shortbow          |   117 |    87 ||   204
    Use: Scroll            |     7 |     2 ||     9
         Potion            |     2 |     1 ||     3
 Armour: Leather armour    |     5 |       ||     5
         Ring mail         |     4 |    13 ||    17
  Dodge: Dodged            |    16 |    16 ||    32

Table legend:
 A = Non-vault XP
 B = Vault XP
 C = Vault XP percentage of total XP
 D = Non-vault monster count
 E = Vault monster count
 F = Vault count percentage of total count
                 A         B        C        D         E       F
            +---------+---------+-------+---------+---------+-------
      Total |     234 |       0 |   0.0 |      60 |       0 |   0.0
            +---------+---------+-------+---------+---------+-------
        D:1 |      26 |       0 |   0.0 |      15 |       0 |   0.0
        D:2 |      50 |       0 |   0.0 |      20 |       0 |   0.0
        D:3 |      76 |       0 |   0.0 |      18 |       0 |   0.0
        D:4 |      82 |       0 |   0.0 |       7 |       0 |   0.0
            +---------+---------+-------+---------+---------+-------
